 Dungeon Crawl Stone Soup version 0.30-a0-134-gb40fab5c76 (webtiles) character file.

Game seed: 10903945535263727985

14 jfcaron the Magician (level 2, -3/19 HPs)
             Began as a Spriggan Hedge Wizard on Sept 20, 2022.
             Killed from afar by Sigmund (5 damage)
             ... with a puff of flame
             ... on level 2 of the Dungeon.
             The game lasted 00:06:07 (1720 turns).

jfcaron the Magician (Spriggan Hedge Wizard)        Turns: 1720, Time: 00:06:07

Health: -3/19      AC: 21    Str:  4 (6)  XL:     2   Next: 27%
Magic:  2/8        EV:  4    Int: 13 (15) God:
Gold:   91         SH:  0    Dex:  9 (12) Spells: 3/9 levels left

rFire   . . .      SeeInvis +    a - +0 dagger
rCold   . . .      Faith    .    (no shield)
rNeg    . . .      Spirit   .    (body armour currently unavailable)
rPois   +          Reflect  .    (helmet currently unavailable)
rElec   .          Harm     .    (cloak currently unavailable)
rCorr   .          Rampage  .    (gloves unavailable)
Will    .....      NoTele   +    (boots unavailable)
Stlth   ++........               (no amulet)
HPRegen 0.06/turn                (no ring)
MPRegen 0.11/turn                (no ring)

@: tree-form, attractive, very slightly contaminated
A: stationary, stasis, torment immunity, boosted hp, very small, no large
weapons, unfitting armour, see invisible, (speed 3), (antennae 1), (hooves 1),
clumsy 1, wild magic 1
a: no special abilities


You were on level 2 of the Dungeon.
You were a tree.
You visited 1 branch of the dungeon, and saw 2 of its levels.

You collected 91 gold pieces.

Inventory:

Hand Weapons
 a - a +0 dagger (weapon)
Missiles
 f - 13 stones
Armour
 b - a +0 robe (melded)
 c - a +0 hat (melded)
Scrolls
 g - 3 scrolls of identify
 l - 2 scrolls of teleportation
 m - a scroll of poison {unknown}
Potions
 d - a potion of magic
 h - a potion of degeneration


   Skills:
 + Level 0.3 Short Blades
 + Level 2.9 Dodging
 + Level 3.2 Stealth
 + Level 4.1 Spellcasting
 + Level 0.8 Conjurations
 + Level 0.6 Hexes
 + Level 0.9 Summonings
 + Level 2.0 Translocations


You had 3 spell levels left.
You knew the following spells:

 Your Spells              Type           Power      Damage    Failure   Level
a - Magic Dart            Conj           24%        1d4       21%         1
b - Slow                  Hex            20%        N/A       22%         1
c - Blink                 Tloc           20%        N/A       19%         2
d - Call Imp              Summ           6%         N/A       30%         2

Your spell library contained the following spells:

 Spells                   Type           Power      Damage    Failure   Level
 Freeze                   Ice            12%        1d4       28%         1
 Cigotuvi's Dreadful Rot  Necr/Pois/Air  6%         N/A       38%         2
 Mephitic Cloud           Conj/Pois/Air  4%         N/A       58%         3
 Frozen Ramparts          Ice            6%         1d1       61%         3
 Hailstorm                Conj/Ice       4%         3d4       90%         4


Dungeon Overview and Level Annotations

Branches:
Dungeon (2/15)

Altars:

Annotations:
D:2 Sigmund


Innate Abilities, Weirdness & Mutations

You are a tree.
Your roots penetrate the ground, keeping you stationary.
You cannot be teleported.
You are immune to unholy pain and torment.
Your maximum health is greatly increased.
Your equipment is partially melded.
You are very small and have problems with some larger weapons.
You are too small for most types of armour.
You have supernaturally acute eyesight. (SInv)
((You cover ground extremely quickly. (Speed+++)))
((You have a pair of small antennae on your head.))
((You have large cloven feet.))
You are clumsy. (Dex -2)
Your spells are a little harder to cast, but a little more powerful.


Message History

You hit Sigmund.
Sigmund is lightly wounded.
Casting: Call Imp (extremely dangerous; 30% risk of failure)
Confirm with . or Enter, or press ? or * to list all spells.
The spell is extremely dangerous to miscast (30% risk of failure)!
Continue anyway?
You miscast Call Imp.
You are very lightly contaminated with residual magic.
Nothing appears to happen.
Sigmund hits you with a +0 scythe.
The goblin shoots a sling bullet.
The sling bullet barely misses Sigmund.
The sling bullet hits you but does no damage.
Casting: Call Imp (extremely dangerous; 30% risk of failure)
Confirm with . or Enter, or press ? or * to list all spells.
The spell is extremely dangerous to miscast (30% risk of failure)!
Continue anyway?
You miscast Call Imp.
Nothing appears to happen.
Sigmund says, "Your kind have come here before.
I understand now why.
You desire death..."
Sigmund hits you with a +0 scythe.
* * * LOW HITPOINT WARNING * * *
The goblin shoots a sling bullet.
The sling bullet closely misses Sigmund.
The sling bullet hits you but does no damage.
Casting: Call Imp (extremely dangerous; 30% risk of failure)
Confirm with . or Enter, or press ? or * to list all spells.
The spell is extremely dangerous to miscast (30% risk of failure)!
Continue anyway?
You miscast Call Imp.
Nothing appears to happen.
The goblin shoots a sling bullet.
The sling bullet closely misses Sigmund.
The sling bullet hits you but does no damage.
Okay, then.
As you read the scroll labelled QOTIHU DOUCYX, it crumbles to dust.
It is a scroll of identify.
l - 2 scrolls of teleportation Sigmund hits you but does no damage.
The goblin shoots a sling bullet.
The sling bullet barely misses Sigmund.
The sling bullet hits you but does no damage.
You cannot teleport because you are held in place by your roots.
As you read the scroll labelled ERAACI YTAS, it crumbles to dust.
The scroll dissolves into smoke.
It was a scroll of fog.
Sigmund gestures at you while chanting. The puff of flame hits you.
You die...

#.......#...#
#.#####.#>#.#
#.#..<#.#.#.#
#...#...#.#.#
######.#<..#.#
.......#####.#
.#.........#.#####
.#.#######.#..§§§####
##.#.......#.#§§♣§§.#
...#.#########§§#@#.....
####.# #......§§#g# .###
.....# #.###..#.#.#. ##
.#######.##..##.#.#. ..
.# #.......##..#.#. ##.
.#
##......###......###..
.###...#...#
#..........# .
.##..#.#####
#........(##...


You could see Sigmund (invisible) and a goblin.

Vanquished Creatures
  2 ball pythons (D:1)
  An endoplasm (D:1)
  A hobgoblin (D:1)
  A quokka (D:1)
  A bat (D:1)
  A frilled lizard (D:1)
  3 kobolds (D:1)
  4 rats (D:1)
14 creatures vanquished.

Notes
Turn   | Place    | Note
-------+----------+-------------------------------------------
     0 | D:1      | jfcaron the Spriggan Hedge Wizard began the quest for the
                  | Orb.
     0 | D:1      | Reached XP level 1. HP: 9/9 MP: 6/6
     2 | D:1      | Learned a level 1 spell: Slow
   866 | D:1      | Reached XP level 2. HP: 13/13 MP: 2/8
  1095 | D:1      | Learned a level 2 spell: Blink
  1098 | D:1      | Learned a level 2 spell: Call Imp
  1331 | D:2      | Noticed Sigmund
  1711 | D:2      | Gained mutation: You are clumsy. (Dex -2) [potion of
                  | mutation]
  1711 | D:2      | Gained mutation: Your spells are a little harder to cast,
                  | but a little more powerful. [potion of mutation]
  1711 | D:2      | Gained mutation: You have a pair of small antennae on your
                  | head. [potion of mutation]
  1711 | D:2      | Gained mutation: You have large cloven feet. [potion of
                  | mutation]
  1717 | D:2      | HP: 2/19 [Sigmund/+0 scythe (4)]
  1720 | D:2      | Killed from afar by Sigmund

Illustrated notes

Levels and vault maps discovered:
D:1:      ncdulo_halloftheorcs, layout_loops_cross
D:2:      layout_basic, minmay_pentomino_o2, uniq_sigmund

Skill      XL: |  1  2 |
---------------+-------+-----
Translocations | 2 |  2.0
Short Blades   | |  0.3
Dodging        | |  2.9
Stealth        | |  3.2
Spellcasting   | |  4.1
Conjurations   | |  0.8
Hexes          | |  0.6
Summonings     | |  0.9

Action                   || total
-------------------------++-------
Melee: Dagger            ||    15
 Cast: Magic Dart        ||    32
       Call Imp          ||     1
  Use: Potion            ||     4
       Scroll            ||     2
 Stab: Sleeping          ||     2
Armor: Skin              ||     8
Dodge: Dodged            ||    13

Table legend: (Time is in decaauts)
 A = Elapsed time spent in this place.
 B = Non-inter-level travel time spent in this place.
 C = Inter-level travel time spent in this place.
 D = Time resting spent in this place.
 E = Time spent auto-exploring this place.
 F = Levels seen in this place.
 G = Mean time per level.
                   A        B        C        D        E       F      G
               +--------+--------+--------+--------+--------+-----+--------+
         Total |   1397 |   1356 |     41 |    619 |    583 |   2 |  698.5 |
       Dungeon |   1397 |   1356 |     41 |    619 |    583 |   2 |  698.5 |
               +--------+--------+--------+--------+--------+-----+--------+

Top non-repeatable levels by time:
     D:1: 1300 daAuts
     D:2: 97 daAuts
